[Event "Team 45 45 League T64"]
[Site "Internet Chess Club"]
[Date "2015.03.15"]
[Round "2"]
[White "nosir"]
[Black "Invicta-Knight"]
[Result "1-0"]
[WhiteElo "1470"]
[BlackElo "1580"]
[Opening "Scandinavian (center counter) defense"]
[ECO "B01"]
[Time "10:15:17"]
[TimeControl "2700+45"]

1. e4 d5 2. exd5 Qxd5 3. Nf3 e5 4. Nc3 Qd6 5. d3 Nc6 6. Be2 Nf6 7. O-O Bg4 8.
Ne4 Nxe4 9. dxe4 Bxf3 10. Bxf3 O-O-O 11. Be3 g6 12. c3 f5 13. Bg5 Be7 14. Bxe7
Qxe7 15. Qc2 Qg5 16. Rad1 h5 17. Rxd8+ Rxd8 18. Rd1 f4 19. Rxd8+ Kxd8 20. Qb3
Kc8 21. Qe6+ Kd8 22. Qg8+ Kd7 23. Qd5+ Kc8 24. b4 Qd8 25. Qe6+ {Black resigns}
1-0

[Event "Team 45 45 League T64"]
[Site "Internet Chess Club"]
[Date "2015.03.12"]
[Round "2"]
[White "BrerRabbit"]
[Black "g8wrb"]
[Result "1/2-1/2"]
[WhiteElo "1483"]
[BlackElo "1357"]
[Opening "Réti opening"]
[ECO "A05"]
[Time "13:02:13"]
[TimeControl "2700+45"]

1. Nf3 Nf6 2. g3 d5 3. Bg2 Nc6 4. O-O e5 5. d3 Bc5 6. Nbd2 O-O 7. e4 Bg4 8. Qe1
Re8 9. h3 Bh5 10. a3 a5 11. Nb3 Bb6 12. Be3 Bxe3 13. Qxe3 d4 14. Qe1 Qd6 15. Nh4
a4 16. Nd2 Ne7 17. Nc4 Qc5 18. Rc1 b5 19. Nd2 b4 20. Nc4 Rab8 21. Qd2 bxa3 22.
bxa3 Nd7 23. Qg5 Bg6 24. f4 exf4 25. Qxc5 Nxc5 26. Rxf4 Nc6 27. Nxg6 hxg6 28.
Rcf1 f6 29. h4 Ne5 30. Nxe5 Rxe5 31. Bh3 Rb2 32. R4f2 Ra2 33. Rb1 Kf7 34. Rb4
Rxa3 35. Rxd4 Ke7 36. Rb4 Na6 37. Rd4 Nc5 38. Rb4 {Game drawn by mutual
agreement} 1/2-1/2

[Event "Team 45 45 League T64"]
[Site "Internet Chess Club"]
[Date "2015.03.13"]
[Round "2"]
[White "SeniorCitizen"]
[Black "PsyMar"]
[Result "0-1"]
[WhiteElo "1355"]
[BlackElo "1270"]
[Opening "Danish gambit: Sorensen defense"]
[ECO "C21"]
[Time "12:00:30"]
[TimeControl "2700+45"]

1. e4 e5 2. d4 exd4 3. c3 d5 4. Qxd4 dxe4 5. Qxe4+ Be6 6. Bc4 Nf6 7. Qd3 Nc6 8.
Qxd8+ Rxd8 9. Bxe6 fxe6 10. Nf3 Bc5 11. O-O O-O 12. Bf4 Rd7 13. Nbd2 e5 14. Bg5
e4 15. Bxf6 exf3 16. Nxf3 Rxf6 {White resigns} 0-1

[Event "Team 45 45 League T64"]
[Site "Internet Chess Club"]
[Date "2015.03.15"]
[Round "2"]
[White "smsxman"]
[Black "Leon13"]
[Result "1-0"]
[WhiteElo "1369"]
[BlackElo "1310"]
[Opening "Philidor's defense"]
[ECO "C41"]
[Time "11:01:11"]
[TimeControl "2700+45"]

1. e4 e5 2. Nf3 d6 3. Nc3 Nf6 4. Bc4 h6 5. d4 Nbd7 6. dxe5 dxe5 7. O-O a6 8. Re1
b5 9. Bd5 Rb8 10. Bc6 Bd6 11. Nd5 O-O 12. Nxf6+ Nxf6 13. b3 Rb6 14. Bd5 Nxd5 15.
Qxd5 Re8 16. Be3 Rb8 17. Rad1 Bb7 18. Qd3 Qf6 19. Bc1 Rbd8 20. Qe2 Bc5 21. Rxd8
Rxd8 22. Bb2 Bb4 23. Bxe5 Qc6 24. Nd4 Qc5 25. Bxg7 Qg5 26. Nf5 Bxe1 27. Bxh6 Qf6
28. Qg4+ Kh8 29. Bg7+ {Black resigns} 1-0

[Event "Team 45 45 League T64"]
[Site "Internet Chess Club"]
[Date "2015.03.16"]
[Round "2"]
[White "Arawn"]
[Black "SeniorCitizen"]
[Result "0-1"]
[WhiteElo "1243"]
[BlackElo "1346"]
[Opening "French: Rubinstein variation"]
[ECO "C10"]
[Time "13:12:42"]
[TimeControl "2700+45"]

1. e4 e6 2. d4 d5 3. Nc3 dxe4 4. Nxe4 Nf6 5. Nxf6+ Qxf6 6. Nf3 Qd8 7. Be2 Be7 8.
O-O O-O 9. a4 Nd7 10. c4 Nf6 11. Qb3 c5 12. Rd1 Qc7 13. d5 exd5 14. cxd5 Bd6 15.
h3 Bf5 16. g4 Be4 17. Ng5 b6 18. Nxe4 Nxe4 19. Bd3 Ng5 20. Bxg5 Bf4 21. Bxf4
Qxf4 22. Qc4 Qf3 23. Qe4 Qxh3 24. Bf1 Qh6 25. f4 Rfe8 26. Qf3 Qd6 27. Re1 Kf8
28. Rxe8+ Rxe8 29. Kf2 Qf6 30. Rb1 Qd4+ 31. Kg2 Re3 32. Qf2 Qe4+ 33. Kg1 Rf3 34.
Re1 Qxf4 35. Qh4 Rg3+ 36. Bg2 g6 37. Rf1 Qd4+ 38. Kh2 Rxg4 39. Qf2 Qxf2 40. Rxf2
Rxa4 41. d6 Rd4 42. Rf6 Kg7 43. Rf1 Rxd6 44. Ra1 a5 45. Ra3 Rd4 46. Kg3 a4 47.
b3 axb3 48. Rxb3 Rb4 49. Rd3 c4 50. Rd6 Rb3+ 51. Kf4 c3 52. Bd5 Rb2 53. Rc6 Rb5
54. Be4 Rc5 55. Rxb6 c2 56. Bxc2 Rxc2 57. Ke5 Re2+ 58. Kd6 Re6+ 59. Kc7 Rxb6 60.
Kxb6 f5 {White resigns} 0-1

[Event "Team 45 45 League T64"]
[Site "Internet Chess Club"]
[Date "2015.03.14"]
[Round "2"]
[White "Kandor"]
[Black "oldbookseller"]
[Result "1-0"]
[WhiteElo "1297"]
[BlackElo "1135"]
[Opening "Two knights defense"]
[ECO "C55"]
[Time "10:00:12"]
[TimeControl "2700+45"]

1. e4 e5 2. Nf3 Nc6 3. Bc4 Nf6 4. d4 Nxe4 5. O-O Nd6 6. Re1 f6 7. Bb3 Be7 8.
dxe5 Nf5 9. exf6 gxf6 10. Qd5 d6 11. a3 Bd7 12. Nbd2 Bc8 13. Ne4 Rf8 14. g4 Nh6
15. Bxh6 Qd7 16. Qh5+ Kd8 17. Bxf8 Bxf8 18. Nxf6 Qxg4+ 19. Nxg4 Bd7 20. Nf6 Ne7
21. Nxd7 Kxd7 22. Qxh7 c5 23. Qh8 Ng6 24. Qh7+ Ne7 25. Ba4+ Kc7 26. Rxe7+ Bxe7
27. Qxe7+ Kb6 28. Qxd6+ {Black resigns} 1-0

[Event "Team 45 45 League T64"]
[Site "Internet Chess Club"]
[Date "2015.03.14"]
[Round "2"]
[White "bardu"]
[Black "semperfi"]
[Result "0-1"]
[WhiteElo "1135"]
[BlackElo "1409"]
[Opening "French: exchange variation"]
[ECO "C01"]
[Time "14:00:50"]
[TimeControl "2700+45"]

1. e4 e6 2. d4 d5 3. exd5 exd5 4. Qe2+ Qe7 5. Bg5 Qxe2+ 6. Bxe2 Nc6 7. Nf3 Nb4
8. Kd2 Bf5 9. Re1 Ne7 10. Bd3 Nxd3 11. cxd3 f6 12. Bf4 O-O-O 13. Nc3 a6 14. Rac1
Nc6 15. b4 Bxb4 16. h3 h5 17. Nh4 Bh7 18. f3 g5 {White resigns} 0-1

[Event "Team 45 45 League T64"]
[Site "Internet Chess Club"]
[Date "2015.03.17"]
[Round "2"]
[White "Aquaman"]
[Black "jaybird44"]
[Result "1-0"]
[WhiteElo "1379"]
[BlackElo "1221"]
[Opening "Réti opening"]
[ECO "A05"]
[Time "16:00:22"]
[TimeControl "2700+45"]

1. Nf3 Nf6 2. g3 d5 3. Bg2 c6 4. O-O Bf5 5. h3 h5 6. d3 Nbd7 7. Nbd2 Qb6 8. b3
e5 9. Bb2 Bd6 10. Re1 O-O-O 11. a4 Rdg8 12. a5 Qd8 13. Ng5 Qe7 14. h4 Ng4 15. e4
f6 16. Nh3 dxe4 17. Nxe4 Bxe4 18. Bxe4 g5 19. hxg5 fxg5 20. a6 Bc5 21. axb7+ Kb8
22. Bg2 Qe6 23. d4 Bb4 24. c3 Bd6 25. Ba3 Bxa3 26. Rxa3 h4 27. d5 cxd5 28. Bxd5
Qf5 29. Bxg8 hxg3 30. Qd6+ Kxb7 31. Qa6+ Kc7 32. Qxa7+ Kd6 33. Ra6+ Ke7 34. Be6
gxf2+ 35. Kf1 fxe1=Q+ 36. Kxe1 Qe4+ 37. Kf1 Qf3+ 38. Ke1 Qg3+ 39. Kd2 Qg2+ 40.
Kd3 Rxh3+ 41. Kc4 Ne3+ 42. Kb4 Rh4+ 43. Kb5 Qe2+ 44. c4 Nxc4 45. Qxd7+ Kf6 46.
Bxc4# {Black checkmated} 1-0

[Event "Team 45 45 League T64"]
[Site "Internet Chess Club"]
[Date "2015.03.15"]
[Round "2"]
[White "Rococo"]
[Black "artspir"]
[Result "0-1"]
[WhiteElo "1215"]
[BlackElo "1253"]
[Opening "Queen's pawn"]
[ECO "A40"]
[Time "14:06:02"]
[TimeControl "2700+45"]

1. d4 c6 2. Bf4 d5 3. Nf3 Nf6 4. e3 Bf5 5. Bd3 Bxd3 6. Qxd3 e6 7. Nbd2 Nbd7 8.
e4 Bb4 9. c3 Ba5 10. e5 Nh5 11. Be3 O-O 12. g4 Nhf6 13. exf6 Nxf6 14. Ne5 Ne4
15. Nxe4 dxe4 16. Qxe4 Bc7 17. f4 f6 18. Nd3 Qe7 19. Nc5 f5 20. Qxe6+ Qxe6 21.
Nxe6 Rae8 22. Nxc7 Rxe3+ 23. Kd2 Re7 24. Nb5 cxb5 25. Rhe1 Rfe8 26. Rxe7 Rxe7
27. Re1 Rxe1 28. Kxe1 fxg4 29. Ke2 Kf7 30. Ke3 Ke6 31. Ke4 h5 32. d5+ Kd6 33.
Kf5 Kxd5 34. Kg5 g6 35. Kxg6 h4 36. Kg5 g3 {White resigns} 0-1

[Event "Team 45 45 League T64"]
[Site "Internet Chess Club"]
[Date "2015.03.11"]
[Round "2"]
[White "bugeyes"]
[Black "wildangels"]
[Result "1/2-1/2"]
[WhiteElo "1123"]
[BlackElo "1025"]
[Opening "Sicilian defense"]
[ECO "B32"]
[Time "13:02:52"]
[TimeControl "2700+45"]

1. e4 c5 2. Nf3 Nc6 3. d4 cxd4 4. Nxd4 d6 5. Nc3 e5 6. Nb3 Nf6 7. Bb5 Be7 8. O-O
O-O 9. f4 Qb6+ 10. Kh1 Ng4 11. Qe2 Nd4 12. Nxd4 Qxd4 13. h3 Nf6 14. fxe5 Qxe5
15. Bd3 Nh5 16. Rf3 Ng3+ 17. Rxg3 Qxg3 18. Be3 Bg5 19. Bd4 Bf4 20. Bg1 Bxh3 21.
Bh2 Qh4 22. gxh3 Qxh3 23. Qg2 Qe3 24. Bxf4 Qxf4 25. Qh2 Qf3+ 26. Qg2 Qh5+ 27.
Qh2 Qf3+ 28. Qg2 {Game drawn by mutual agreement} 1/2-1/2

[Event "Team 45 45 League T64"]
[Site "Internet Chess Club"]
[Date "2015.03.13"]
[Round "2"]
[White "SaltofLife"]
[Black "pishd"]
[Result "1-0"]
[WhiteElo "1936"]
[BlackElo "1739"]
[Opening "Queen's pawn game"]
[ECO "A46"]
[Time "06:18:33"]
[TimeControl "2700+45"]

1. d4 Nf6 2. Nf3 e6 3. c3 b6 4. Bg5 Ba6 5. Nbd2 Be7 6. Qc2 d5 7. a4 O-O 8. b4 c5
9. b5 Bb7 10. e3 Nbd7 11. Be2 Rc8 12. Qb1 cxd4 13. cxd4 Qc7 14. O-O Qc2 15. Rc1
Qxb1 16. Raxb1 Ba3 17. Rxc8 Rxc8 18. Kf1 Ne4 19. Bf4 Rc2 20. Ke1 Nxd2 21. Nxd2
f6 22. Nf3 g5 23. Bg3 h5 24. h3 Kf7 25. Bd1 Rc8 26. Rb3 Bf8 27. Rb2 Ba3 28. Rb3
Bf8 29. Rb2 Ba3 30. Rc2 Rxc2 31. Bxc2 Bb4+ 32. Ke2 a6 33. Bd3 a5 34. Nd2 e5 35.
Bf5 Ke7 36. Bxd7 Kxd7 37. dxe5 fxe5 38. Bxe5 Ke6 39. Bd4 Bc5 40. Kd3 Kd6 41. Nf3
g4 42. hxg4 hxg4 43. Nh4 Bc8 44. f4 gxf3 45. gxf3 Be6 46. Ke2 Bf7 47. Kf2 Bg8
48. f4 Bf7 49. Nf5+ Ke6 50. Bxc5 bxc5 51. b6 Kd7 52. b7 Kc7 53. Nd6 Bh5 54. Ke1
c4 55. Kd2 Bf3 56. f5 d4 57. exd4 Bc6 58. f6 {Black resigns} 1-0

[Event "Team 45 45 League T64"]
[Site "Internet Chess Club"]
[Date "2015.03.13"]
[Round "2"]
[White "ILRE"]
[Black "parrot9"]
[Result "1/2-1/2"]
[WhiteElo "1691"]
[BlackElo "1696"]
[Opening "QGD: exchange, positional line"]
[ECO "D35"]
[Time "14:38:55"]
[TimeControl "2700+45"]

1. c4 e6 2. Nc3 d5 3. cxd5 exd5 4. d4 Nf6 5. Bg5 Be7 6. e3 O-O 7. Qc2 c6 8. Nf3
h6 9. Bxf6 Bxf6 10. b4 Bg4 11. Be2 Nd7 12. O-O a6 13. Na4 Re8 14. Rfd1 Qe7 15.
a3 Qe4 16. Qb2 Rac8 17. Nc3 Qe7 18. Rac1 Qd6 19. Ne1 Bxe2 20. Qxe2 Bd8 21. Nf3
Bc7 22. g3 Nf6 23. Ne5 Qe6 24. Nf3 Qg4 25. Nd2 Qe6 26. Qd3 {Game drawn by mutual
agreement} 1/2-1/2

[Event "Team 45 45 League T64"]
[Site "Internet Chess Club"]
[Date "2015.03.14"]
[Round "2"]
[White "Invicta-Knight"]
[Black "Bleddyn"]
[Result "1/2-1/2"]
[WhiteElo "1603"]
[BlackElo "1747"]
[Opening "Scandinavian defense"]
[ECO "B01"]
[Time "11:03:40"]
[TimeControl "2700+45"]

1. e4 d5 2. exd5 Nf6 3. Nc3 Nxd5 4. Qf3 Nxc3 5. bxc3 g6 6. Bb2 Bg7 7. O-O-O O-O
8. h4 h5 9. Qg3 c5 10. Be2 Qa5 11. Kb1 Be6 12. c4 Bxb2 13. Kxb2 b5 14. Bxh5 Bxc4
15. a3 b4 16. Ra1 bxa3+ 17. Rxa3 Qxd2 18. Bxg6 Nc6 19. Be4+ Kh8 20. Qc3+ Qxc3+
21. Rxc3 Rab8+ 22. Kc1 Bb5 23. Rxc5 Nb4 24. Rh5+ Kg7 25. Rh7+ Kg8 26. Rh3 Na2+
27. Kd2 f5 28. Rxe7 fxe4 29. Rg3+ Kh8 30. Rgg7 {Game drawn by mutual agreement}
1/2-1/2

[Event "Team 45 45 League T64"]
[Site "Internet Chess Club"]
[Date "2015.03.15"]
[Round "2"]
[White "fishhead"]
[Black "Egmont"]
[Result "1-0"]
[WhiteElo "1858"]
[BlackElo "1805"]
[Opening "French: Fort Knox variation"]
[ECO "C03"]
[Time "12:00:13"]
[TimeControl "2700+45"]

1. e4 e6 2. d4 d5 3. Nd2 dxe4 4. Nxe4 Bd7 5. Nf3 Bc6 6. Bd3 Nd7 7. O-O Ngf6 8.
Ng3 Be7 9. c4 Bxf3 10. Qxf3 c6 11. Re1 O-O 12. Bd2 Qb6 13. Bc3 Bb4 14. h4 Bxc3
15. bxc3 Rab8 16. Rab1 Qc7 17. Rb2 c5 18. Re3 cxd4 19. cxd4 Nb6 20. Nh5 Nbd7 21.
Rb5 Qc6 22. Qg3 g6 23. Nf4 Kh8 24. h5 g5 25. Rxg5 Rg8 26. d5 Rxg5 27. Qxg5 exd5
28. cxd5 Qd6 29. Qf5 Rg8 30. h6 Nf8 31. Re6 {Black resigns} 1-0

[Event "Team 45 45 League T64"]
[Site "Internet Chess Club"]
[Date "2015.03.14"]
[Round "2"]
[White "Warpdrive"]
[Black "no2"]
[Result "0-1"]
[WhiteElo "1617"]
[BlackElo "1783"]
[Opening "Ruy Lopez: classical (Cordel) defense"]
[ECO "C64"]
[Time "20:04:35"]
[TimeControl "2700+45"]

1. e4 e5 2. Nf3 Nc6 3. Bb5 Bc5 4. O-O Qe7 5. c3 a6 6. Ba4 b5 7. Bb3 Bb6 8. d4 d6
9. h3 Nf6 10. Re1 Bb7 11. Bg5 h6 12. Bxf6 Qxf6 13. dxe5 Nxe5 14. Nxe5 dxe5 15.
Qe2 O-O 16. Nd2 Rad8 17. Rad1 Rd7 18. Nf3 Rfd8 19. Rxd7 Rxd7 20. Rd1 Rxd1+ 21.
Bxd1 Qd6 22. Bc2 Bc8 23. Qd3 Be6 24. Qxd6 cxd6 25. a3 Kf8 26. Nd2 g6 27. Bb3 Ke7
28. Bxe6 Kxe6 29. Kf1 f5 30. f3 d5 31. exd5+ Kxd5 32. Ke2 e4 33. fxe4+ fxe4 34.
b3 Ke5 35. Nf1 Bc5 36. b4 Bb6 37. Ne3 h5 38. g3 Ba7 39. Kd2 h4 40. gxh4 Kf4 41.
Nd5+ Kf3 42. Ke1 Bf2+ 43. Kf1 e3 {White resigns} 0-1

[Event "Team 45 45 League T64"]
[Site "Internet Chess Club"]
[Date "2015.03.13"]
[Round "2"]
[White "lilith"]
[Black "AVEMARIA"]
[Result "0-1"]
[WhiteElo "1473"]
[BlackElo "1651"]
[Opening "Queen's bishop game"]
[ECO "D02"]
[Time "18:02:04"]
[TimeControl "2700+45"]

1. d4 d5 2. Nf3 Nf6 3. Bf4 Bf5 4. e3 e6 5. Nbd2 Be7 6. c4 c6 7. Be2 O-O 8. O-O
h6 9. Rc1 Nbd7 10. Qb3 Qb6 11. Ne5 g5 12. Bg3 Qxb3 13. Nxb3 Nxe5 14. Bxe5 Nd7
15. Bg3 a5 16. c5 Bg6 17. a4 Rfc8 18. f4 b6 19. fxg5 Bxg5 20. Bf4 bxc5 21. dxc5
e5 22. Bxg5 hxg5 23. Bg4 Rc7 24. Nd2 Kg7 25. Nf3 f6 26. h4 Rh8 27. hxg5 f5 28.
Bh3 Rb7 29. Rf2 Rb4 30. Nh2 Rxa4 31. b3 Rb4 32. Ra1 Ra8 33. Bxf5 Bxf5 34. Rxf5
Rf8 35. Rxf8 Kxf8 36. Rxa5 Rxb3 37. Ng4 Rb4 38. Nf6 Nxf6 39. gxf6 Rc4 40. Kf2
Kf7 41. Kf3 Kxf6 42. g4 Kg5 43. Kg3 Rc3 44. Kf3 e4+ 45. Ke2 Kxg4 46. Kd2 Rc4 47.
Ke2 Kg3 48. Ra1 Rc2+ 49. Kd1 Rxc5 50. Ra3 Kf2 51. Kd2 Rc4 52. Rb3 c5 53. Rb6 d4
54. Rf6+ Kg3 55. Rf4 d3 56. Rf5 Rc2+ 57. Ke1 c4 58. Rf4 Re2+ 59. Kd1 Rxe3 {White
resigns} 0-1

[Event "Team 45 45 League T64"]
[Site "Internet Chess Club"]
[Date "2015.03.16"]
[Round "2"]
[White "tightfist"]
[Black "Fogbound"]
[Result "1-0"]
[WhiteElo "1586"]
[BlackElo "1251"]
[Opening "King's Indian, 3.Nf3"]
[ECO "E60"]
[Time "15:00:49"]
[TimeControl "2700+45"]

1. Nf3 Nf6 2. d4 g6 3. c4 c5 4. d5 b5 5. e3 Bg7 6. cxb5 a6 7. Nc3 d6 8. Bc4 O-O
9. O-O Nfd7 10. Qc2 Nb6 11. b3 Nxc4 12. bxc4 Nd7 13. Bb2 Nb6 14. Qe2 Bd7 15.
Rab1 Bxc3 16. Bxc3 Na4 17. Ba1 Qa5 18. bxa6 Qxa6 19. Rfc1 Rfb8 20. Qc2 Nb6 21.
Qb2 Bf5 22. Qg7# {Black checkmated} 1-0

[Event "Team 45 45 League T64"]
[Site "Internet Chess Club"]
[Date "2015.03.14"]
[Round "2"]
[White "dabodhi"]
[Black "guyd52"]
[Result "1-0"]
[WhiteElo "1372"]
[BlackElo "1300"]
[Opening "Scotch opening"]
[ECO "C44"]
[Time "20:03:33"]
[TimeControl "2700+45"]

1. e4 e5 2. Nf3 Nc6 3. d4 d6 4. dxe5 dxe5 5. Qxd8+ Nxd8 6. Nxe5 Bd6 7. Nf3 Bg4
8. Bb5+ c6 9. Bc4 Bxf3 10. gxf3 b5 11. Bb3 Nb7 12. a3 Ne7 13. Be3 O-O 14. Nd2
Rfd8 15. f4 Ng6 16. e5 Nxe5 17. fxe5 Bxe5 18. c3 Re8 19. O-O-O Nd6 20. Nf3 Bf6
21. Rxd6 Rec8 22. Rd7 Rf8 23. Rg1 a6 24. Bc5 Rad8 25. Rxd8 Rxd8 26. Ng5 Bxg5+
27. Rxg5 Re8 28. Kd2 Rd8+ 29. Bd4 g6 30. h4 c5 31. Rxc5 h5 32. Rc7 Rf8 33. Ra7
b4 34. axb4 a5 35. bxa5 Rb8 36. Bxf7+ Kf8 37. b4 Rd8 38. Bxg6 Rxd4+ 39. cxd4 Kg8
40. Rb7 Kf8 41. a6 Kg8 42. a7 Kf8 43. a8=Q# {Black checkmated} 1-0

[Event "Team 45 45 League T64"]
[Site "Internet Chess Club"]
[Date "2015.03.15"]
[Round "2"]
[White "Conjurer"]
[Black "seattleblues"]
[Result "0-1"]
[WhiteElo "1151"]
[BlackElo "1502"]
[Opening "Queen's pawn game"]
[ECO "A46"]
[Time "21:01:31"]
[TimeControl "2700+45"]

1. d4 Nf6 2. Nf3 e6 3. Bf4 c5 4. e3 Nc6 5. c4 cxd4 6. exd4 Bb4+ 7. Nbd2 O-O 8.
Bd3 b6 9. O-O Bb7 10. Nb3 d5 11. cxd5 Nxd5 12. Bg3 Nce7 13. Rc1 Rc8 14. a3 Bd6
15. Bh4 Qd7 16. Ne5 Bxe5 17. dxe5 Ng6 18. Qh5 Ndf4 19. Qg4 Qxd3 20. Rc3 Ne2+ 21.
Kh1 Nxc3 22. bxc3 Qxf1# {White checkmated} 0-1

[Event "Team 45 45 League T64"]
[Site "Internet Chess Club"]
[Date "2015.03.13"]
[Round "2"]
[White "Just-Jim"]
[Black "WilmaP"]
[Result "1-0"]
[WhiteElo "1359"]
[BlackElo "1190"]
[Opening "Sicilian defense"]
[ECO "B20"]
[Time "16:30:11"]
[TimeControl "2700+45"]

1. e4 c5 2. Bc4 e6 3. Nc3 a6 4. a3 Bd6 5. Qg4 g6 6. d3 Nc6 7. Be3 Ne5 8. Qh3
Nxc4 9. dxc4 Qb6 10. Rb1 Qc6 11. Bh6 Nxh6 12. Qxh6 Be5 13. Nf3 Bxc3+ 14. bxc3
Qxe4+ 15. Kd1 Qxc4 16. Qg7 Rf8 17. Re1 b5 18. Kc1 Bb7 19. Ne5 Qxc3 20. Rd1 Qxa3+
21. Kd2 O-O-O 22. Nxf7 Qa5+ 23. c3 Qa2+ 24. Ke1 Rxf7 25. Qxf7 Be4 26. Ra1 Qc4
27. Qf6 Bxg2 28. Qe5 b4 29. cxb4 Qxb4+ 30. Ke2 Qg4+ 31. Kd2 d6 32. Qe2 Bf3 33.
Qxa6+ Bb7 34. Ra4 Qg5+ 35. f4 Qd5+ 36. Qd3 Qg2+ 37. Kc1 Kc7 38. Qc3 Qxh2 39. Ra7
Qxf4+ 40. Kb2 h5 41. Qg7+ Kc6 42. Qxb7# {Black checkmated} 1-0

[Event "Team 45 45 League T64"]
[Site "Internet Chess Club"]
[Date "2015.03.13"]
[Round "2"]
[White "Legomaster"]
[Black "Ilamihir"]
[Result "1-0"]
[WhiteElo "1200"]
[BlackElo "1138"]
[Opening "Sicilian"]
[ECO "B56"]
[Time "20:05:39"]
[TimeControl "2700+45"]

1. e4 c5 2. Nf3 Nc6 3. d4 cxd4 4. Nxd4 d6 5. Nc3 Nf6 6. Bd3 a6 7. Nxc6 bxc6 8.
O-O e6 9. Be3 Be7 10. f3 O-O 11. Kh1 Bb7 12. Qe2 Qd7 13. Rfd1 h6 14. Na4 Rab8
15. Nb6 Qc7 16. b3 c5 17. Na4 d5 18. exd5 Nxd5 19. Bf2 Qc6 20. c4 Nb4 21. Qe4
Nxd3 22. Rxd3 Qxe4 23. fxe4 Bxe4 24. Rd2 Bf6 25. Rad1 Bg5 26. Bxc5 Bxd2 27. Bxf8
Kxf8 28. Rxd2 Ke7 29. Nc5 Bf5 30. Nxa6 Rd8 31. Rxd8 Kxd8 32. Kg1 Bb1 33. Nb4 Kc7
34. a4 Kb6 35. Kf2 Ka5 36. Nc6+ Kb6 37. Nd8 Kc5 38. a5 Kb4 39. a6 Kxb3 40. a7
Be4 41. c5 Kb4 42. c6 Kb5 43. a8=Q Kb6 44. Qb7+ Kc5 45. Qa7+ Kd6 46. Nxf7+ Kxc6
47. Qa8+ Kc5 48. Qxe4 g5 49. Nxh6 e5 50. Qxe5+ Kc4 51. Qe4+ Kc5 52. Ke3 g4 53.
Nxg4 Kd6 54. h4 Kc5 55. h5 Kd6 56. h6 Kc5 57. h7 Kd6 58. h8=R Kc5 59. Rh5+ Kd6
60. Qg6+ Ke7 61. Rh7+ Kf8 62. Qf7# {Black checkmated} 1-0

[Event "Team 45 45 League T64"]
[Site "Internet Chess Club"]
[Date "2015.03.15"]
[Round "2"]
[White "stantheman59"]
[Black "Uku"]
[Result "0-1"]
[WhiteElo "1257"]
[BlackElo "1458"]
[Opening "Ruy Lopez: Berlin defense"]
[ECO "C65"]
[Time "19:00:27"]
[TimeControl "2700+45"]

1. e4 e5 2. Nf3 Nc6 3. Bb5 Nf6 4. Bxc6 bxc6 5. d3 d5 6. Nxe5 Qd6 7. Bf4 Qe6 8.
Nc3 Bd6 9. exd5 cxd5 10. d4 O-O 11. O-O Nd7 12. Nxd7 Qxd7 13. Nxd5 Bxf4 14. Nxf4
Qf5 15. Nd3 Qg5 16. f4 Qg6 17. Ne5 Qh6 18. Rf3 f6 19. Nd3 Bg4 20. Nc5 Bxf3 21.
Qxf3 f5 22. b4 Qd6 23. d5 Rab8 24. a3 a5 25. c3 Rbc8 26. Nb7 Qb6+ 27. Nc5 axb4
28. axb4 Ra8 29. Rxa8 Rxa8 30. d6 Ra1+ 31. Kf2 cxd6 32. Kg3 dxc5 33. Qd5+ Kh8
34. bxc5 Qg6+ 35. Kf3 Qg4+ 36. Ke3 Re1+ 37. Kd2 Qd1# {White checkmated} 0-1

[Event "Team 45 45 League T64"]
[Site "Internet Chess Club"]
[Date "2015.03.15"]
[Round "2"]
[White "princevultan2"]
[Black "rhayder"]
[Result "1/2-1/2"]
[WhiteElo "1125"]
[BlackElo "1358"]
[Opening "Four knights: Spanish variation"]
[ECO "C48"]
[Time "18:08:09"]
[TimeControl "2700+45"]

1. e4 e5 2. Nf3 Nc6 3. Nc3 Nf6 4. Bb5 a6 5. Be2 Be7 6. O-O O-O 7. d3 d6 8. Bg5
h6 9. Bh4 Be6 10. Re1 d5 11. exd5 Nxd5 12. Bxe7 Qxe7 13. Bf1 Nxc3 14. bxc3 Bg4
15. h3 Bxf3 16. Qxf3 Rab8 17. d4 f6 18. Bc4+ Kh8 19. Bd5 Na5 20. g4 c6 21. Be4
Nc4 22. Red1 Na3 23. Rdc1 Nc4 24. Qf5 Kg8 25. Qh7+ Kf7 26. Qg6+ Kg8 27. Qh7+ Kf7
28. Qg6+ Kg8 29. Qh7+ Kf7 30. Qg6+ Kg8 31. Qh7+ {Game drawn by repetition}
1/2-1/2

[Event "Team 45 45 League T64"]
[Site "Internet Chess Club"]
[Date "2015.03.15"]
[Round "2"]
[White "Fulmar"]
[Black "Jiawen5"]
[Result "0-1"]
[WhiteElo "1216"]
[BlackElo "1130"]
[Opening "Giuoco Piano"]
[ECO "C54"]
[Time "21:02:49"]
[TimeControl "2700+45"]

1. e4 e5 2. Nf3 Nc6 3. Bc4 Bc5 4. c3 Nf6 5. Qe2 d6 6. O-O Be6 7. Bxe6 fxe6 8. d3
a6 9. Ng5 Qe7 10. b4 Ba7 11. Nd2 h6 12. Ngf3 O-O-O 13. Nh4 Qf7 14. Rb1 b5 15. h3
g5 16. Nhf3 g4 17. hxg4 Nxg4 18. Nh4 Qh5 19. Ndf3 Ne7 20. Be3 Bxe3 21. fxe3 Ng6
22. Nxg6 Qxg6 23. Nh4 Qh5 24. g3 Rhg8 25. c4 Rdf8 26. Kg2 Rxf1 27. Rxf1 Qg5 28.
Qd1 Nxe3+ 29. Kg1 Qxg3+ 30. Ng2 Qxg2# {White checkmated} 0-1

[Event "Team 45 45 League T64"]
[Site "Internet Chess Club"]
[Date "2015.03.14"]
[Round "2"]
[White "justice02"]
[Black "zap2"]
[Result "0-1"]
[WhiteElo "1655"]
[BlackElo "1679"]
[Opening "English opening"]
[ECO "A05"]
[Time "10:32:46"]
[TimeControl "2700+45"]

1. Nf3 Nf6 2. c4 d6 3. g3 g6 4. Bg2 Bg7 5. O-O Nbd7 6. Nc3 e5 7. d3 O-O 8. Rb1
a5 9. b4 axb4 10. Rxb4 c6 11. Bg5 h6 12. Bd2 Qe7 13. Qc2 d5 14. Rfb1 e4 15. dxe4
dxe4 16. Ne1 Re8 17. Na4 Ng4 18. h3 Nxf2 19. Kxf2 e3+ 20. Bxe3 Qxe3+ 21. Kf1 Bd4
{White resigns} 0-1

[Event "Team 45 45 League T64"]
[Site "Internet Chess Club"]
[Date "2015.03.16"]
[Round "2"]
[White "hondocando"]
[Black "zepled37"]
[Result "0-1"]
[WhiteElo "1655"]
[BlackElo "1722"]
[Opening "Sicilian: closed, 6.Be3"]
[ECO "B26"]
[Time "18:34:21"]
[TimeControl "2700+45"]

1. e4 c5 2. Nc3 Nc6 3. g3 g6 4. Bg2 Bg7 5. d3 d6 6. Be3 e6 7. Qd2 Rb8 8. Nge2
Nd4 9. O-O b5 10. Nd1 Nxe2+ 11. Qxe2 Ne7 12. c3 Nc6 13. f4 O-O 14. d4 cxd4 15.
cxd4 Bxd4 16. Qd3 Bxe3+ 17. Nxe3 a6 18. Rad1 Qb6 19. Rfe1 Rd8 20. Kh1 Bb7 21.
Ng4 Rbc8 22. a3 Kg7 23. h4 h5 24. Ne3 Ne7 25. g4 hxg4 26. Nxg4 d5 27. Qb1 dxe4
28. Bxe4 Rxd1 29. Rxd1 f5 30. Bxb7 Qxb7+ 31. Kg1 fxg4 32. Qd3 Qb6+ 33. Kg2 Qc6+
34. Kg3 Nf5+ 35. Kh2 Qc2+ 36. Qd2 Nxh4 37. Kg3 Nf5+ 38. Kxg4 Qxd2 39. Rxd2 Kf6
40. Re2 Rc4 41. Rd2 Ne3+ 42. Kf3 Nd5 43. Kg3 Rxf4 44. Rc2 Rg4+ 45. Kf3 Rf4+ 46.
Kg3 Rg4+ 47. Kf3 Rc4 48. Rh2 Rc7 49. Rh8 Nb6 50. Rh2 Na4 51. Rf2 Rc5 52. Ke3+
Rf5 53. Rc2 Re5+ 54. Kd4 Rd5+ 55. Ke3 Rc5 56. Rf2+ Kg7 57. Rd2 Re5+ 58. Kf4 Rf5+
59. Kg4 Rd5 60. Rc2 Nxb2 61. Rxb2 Rd3 62. Ra2 Kf6 63. Kf4 g5+ 64. Ke4 Rb3 65.
Rf2+ Kg6 66. Ke5 Re3+ 67. Kd6 Rxa3 68. Kxe6 Re3+ 69. Kd5 b4 70. Kc5 b3 71. Kb6
g4 72. Kxa6 g3 73. Rg2 Kg5 74. Ka5 Kg4 75. Ka4 Kf3 76. Rg1 g2 77. Ka3 Kf2 78.
Rb1 g1=Q {White resigns} 0-1